 Dungeon Crawl Stone Soup version 0.25.0-37-gb73750e0fb (webtiles) character file.

Game seed: 3049432983499728526

43 Ethylacetat the Poker (level 3, -2/28 HPs)
             Began as a Demonspawn Gladiator on July 8, 2020.
             Slain by a gnoll
             ... wielding a +0 spear
              (7 damage)
             ... on level 2 of the Dungeon.
             The game lasted 00:01:34 (910 turns).

Ethylacetat the Poker (Demonspawn Gladiator)         Turns: 910, Time: 00:01:35

Health: -2/28      AC:  4    Str: 15    XL:     3   Next: 37%
Magic:  0/3        EV: 12    Int:  9    God:
Gold:   112        SH:  0    Dex: 14    Spells: 2/2 levels left

rFire    . . .     SeeInvis .   a - +0 trident
rCold    . . .     Gourm    .   (no shield)
rNeg     . . .     Faith    .   b - +0 leather armour
rPois    .         Spirit   +   c - +0 helmet
rElec    .         Reflect  .   (no cloak)
rCorr    .         Harm     .   (no gloves)
MR       .....                  (no boots)
Stlth    +.........             (no amulet)
HPRegen  0.09/turn              (no ring)
MPRegen  0.08/turn              (no ring)

@: no status effects
A: claws 1, magic shield
a: no special abilities


You were on level 2 of the Dungeon.
You were not hungry.

You visited 1 branch of the dungeon, and saw 2 of its levels.

You collected 112 gold pieces.

Inventory:

Hand Weapons
 a - a +0 trident (weapon)
Missiles
 d - 3 throwing nets (quivered)
Armour
 b - a +0 leather armour (worn)
 c - a +0 helmet (worn)
Scrolls
 e - a scroll of magic mapping {unknown}
 i - a scroll of immolation {unknown}
 j - a scroll of identify {unknown}
 k - a scroll of fog {unknown}
 m - 2 scrolls of fear {unknown}
Potions
 g - a potion of mutation {unknown}
 l - 2 potions of resistance {unknown}
Comestibles
 f - 2 rations
 h - 4 chunks of flesh


   Skills:
 + Level 2.7 Fighting
 * Level 3.7 Polearms
 - Level 1.7 Throwing
 - Level 2.6 Dodging


You had 2 spell levels left.
You didn't know any spells.
Your spell library was empty.

Dungeon Overview and Level Annotations

Branches:
Dungeon (2/15)

Altars:

Annotations:
D:2 Sigmund


Innate Abilities, Weirdness & Mutations

You have sharp fingernails.
When hurt, damage is shared between your health and your magic reserves.


Message History

Aim: Sigmund, wielding a +0 scythe of protection and wearing a +0 robe (lightly wounded)
You reach to attack!
You hit Sigmund.
Sigmund is moderately wounded.
Sigmund hits you from afar with a +0 scythe of protection!
Attack whom?
Press: ? - help, Dir - move target cursor, f/p - Sigmund
Aim: Sigmund, wielding a +0 scythe of protection and wearing a +0 robe (moderately wounded)
You reach to attack!
You hit Sigmund.
Sigmund is heavily wounded.
Sigmund hits you from afar with a +0 scythe of protection!
* * * LOW HITPOINT WARNING * * *
You are too injured to fight recklessly!
You are too injured to fight recklessly!
You are too injured to fight recklessly!
You are too injured to fight recklessly!
You are too injured to fight recklessly!
You are too injured to fight recklessly!
A gnoll comes into view.
The gnoll hits you from afar with a +0 spear!
You die...

#÷# #.#.# ######.#
##....#
.......########.....#
.(..................#
........###<###.....#
######..###..###...####
# #......#.÷........ #
#.....###.)..###. ###
#.####.#.##@## ..# #.#
#..###@# .... ..# #..#
#g# ..##### #..# #.#
### #..# #.# .. #...
#.# ## .... ...
##.##g.# #.#


You could see Sigmund and 2 gnolls.

Vanquished Creatures
  An ooze (D:2)
  4 dart slugs
  2 leopard geckos (D:1)
  3 giant cockroaches (D:1)
  3 goblins (D:1)
  3 hobgoblins
  4 kobolds
  4 bats
  A frilled lizard (D:1)
  2 rats
27 creatures vanquished.

Notes
Turn   | Place    | Note
-------+----------+-------------------------------------------
     0 | D:1      | Ethylacetat the Demonspawn Gladiator began the quest for
                  | the Orb.
     0 | D:1      | Reached XP level 1. HP: 16/16 MP: 1/1
   183 | D:1      | Reached skill level 3 in Polearms
   372 | D:1      | Gained mutation: You have sharp fingernails. [demonic
                  | ancestry]
   372 | D:1      | Reached XP level 2. HP: 22/22 MP: 2/2
   772 | D:1      | Gained mutation: When hurt, damage is shared between your
                  | health and your magic reserves. [demonic ancestry]
   772 | D:1      | Reached XP level 3. HP: 28/28 MP: 3/3
   904 | D:2      | Noticed Sigmund
   910 | D:2      | Slain by a gnoll

Illustrated notes

Levels and vault maps discovered:
D:1:      dpeg_arrival_long_road, layout_rooms
D:2:      layout_loops_ring, serial_glass, glass_columns_a, glass_columns_a,
          minmay_small_reverse_x, uniq_sigmund

Skill      XL: |  1 |
---------------+----+-----
Polearms       | 3 |  3.7
Fighting       | |  2.7
Throwing       | |  1.7
Dodging        | |  2.6

Action                   || total
-------------------------++-------
Melee: Trident           ||    81
 Stab: Sleeping          ||     2
Armor: Leather armour    ||    17
Dodge: Dodged            ||    29
